 Dungeon Crawl Stone Soup version 0.28.0 (webtiles) character file.

Game seed: 6776544294053943834

695 Sanktem7 the Poker (level 7, 0/62 HPs)
             Began as a Minotaur Berserker on Feb 8, 2022.
             Was a Priest of Trog.
             Killed by divine providence
             ... invoked by an orc priest
              (12 damage)
             ... on level 3 of the Dungeon.
             The game lasted 00:09:21 (3637 turns).

Sanktem7 the Poker (Minotaur Berserker)             Turns: 3637, Time: 00:09:22

Health: 0/62       AC:  9    Str: 24    XL:     7   Next: 37%
Magic:  6/6        EV: 11    Int:  4    God:    Trog [***...]
Gold:   150        SH:  0    Dex:  9    Spells: 6/6 levels left

rFire   . . .      SeeInvis +   a - +0 spear
rCold   . . .      Faith    .   (no shield)
rNeg    . . .      Spirit   .   c - +0 scale mail
rPois   .          Reflect  .   (helmet restricted)
rElec   .          Harm     .   p - +0 cloak
rCorr   .          Rampage  .   q - +0 pair of gloves
Will    .....                   (no boots)
Stlth   ..........              (no amulet)
HPRegen 0.20/turn               g - ring of flight
MPRegen 0.10/turn               i - ring of see invisible

@: flying
A: horns 2, retaliatory headbutt
a: Renounce Religion, Berserk, Trog's Hand


You were on level 3 of the Dungeon.
You worshipped Trog.
Trog was most pleased with you.
You visited 1 branch of the dungeon, and saw 3 of its levels.

You collected 150 gold pieces.

Inventory:

Hand Weapons
 a - a +0 spear (weapon)
 t - a +0 scythe {drain}
Armour
 c - a +0 scale mail (worn)
 p - a +0 cloak (worn)
 q - a +0 pair of gloves (worn)
Jewellery
 g - a ring of flight (left hand)
 i - a ring of see invisible (right hand)
Wands
 r - a wand of iceblast (8)
 s - a wand of flame (28)
Scrolls
 e - a scroll of enchant weapon
 h - a scroll of fear
 j - 2 scrolls of teleportation
 k - 3 scrolls of immolation
Potions
 b - a potion of attraction {unknown}
 d - 3 potions of flight {unknown}
 f - a potion of brilliance {unknown}
 o - 2 potions of curing {unknown}


   Skills:
 + Level 5.7 Fighting
 + Level 6.7 Polearms
 + Level 5.1 Armour
 + Level 4.3 Dodging
 + Level 0.9 Stealth


You had 6 spell levels left.
You didn't know any spells.
Your spell library was empty.

Dungeon Overview and Level Annotations

Branches:
Dungeon (3/15)

Altars:
Hepliaklqana
Ru
Wu Jian
The Shining One

Shops:
D:2 (

Annotations:
D:3 1 transporter


Innate Abilities, Weirdness & Mutations

You have a pair of horns on your head.
You reflexively headbutt those who attack you in melee.


Message History

Press: ? - help, Dir - move target, f - shadow imp
Aim: a shadow imp (about 40% to evade your +0 spear)
You reach to attack!
You barely miss the shadow imp.
Reach: a) +0 spear
Press: ? - help, Dir - move target, f/p - shadow imp
Aim: a shadow imp (about 40% to evade your +0 spear)
You reach to attack!
You closely miss the shadow imp.
Reach: a) +0 spear
Press: ? - help, Dir - move target, f/p - shadow imp
Aim: a shadow imp (about 40% to evade your +0 spear)
You reach to attack!
You hit the shadow imp.
The shadow imp is lightly wounded.
The shadow imp gestures at you. Pain shoots through your body!
Aiming: Throw Flame
Press: ? - help, Q - select action, (/) - cycle Shift-Dir - straight line, f/p - shadow imp
Aim: a shadow imp (lightly wounded, 64% to hit)
The puff of flame hits the shadow imp.
The shadow imp is lightly wounded.
The orc priest looks encouraged for a moment.
Aiming: Iceblast
Press: ? - help, Q - select action, (/) - cycle Shift-Dir - straight line, f/p - shadow imp
Aim: a shadow imp (steam, lightly wounded)
The mass of ice explodes!
The iceblast engulfs the shadow imp!
The shadow imp partially resists.
You kill the shadow imp!
Trog accepts your kill.
The iceblast engulfs the orc priest!
The orc priest is heavily wounded.
The iceblast engulfs the shadow imp!
The shadow imp partially resists.
The shadow imp is almost dead.
You are engulfed in a cloud of scalding steam.
* * * LOW HITPOINT WARNING * * *
The orc priest begins to cast a cantrip, but forgets the words!
The shadow imp is engulfed in a cloud of scalding steam.
You kill the shadow imp!
Trog accepts your kill.
The orc priest mumbles some strange prayers to Beogh against you.
Beogh smites you!
You die...

.########...#....##..####...#....
'#######..........##.............
.......###......©.....###...#....
.......# #..#########.# #...##...
.......# #..#8P.©.P8#.# #........
###....# #..#P.....P#.# #...##..#
#......# #..####'####.####..###>#
#......###..#)≈..§§o#.#.....# #.#
≈####..'.#..#.≈.@§≈§#.#.#...###.#
#......#....#.≈≈≈§§§#.#.......#.#
#......###..#.≈≈♣≈≈.#.#.......#.#
###....# #..#.≈P≈≈≈.#.#.......#.#
.......# #..#.≈...≈!#.#.......#.#
.......###..#.≈...≈.#.###..####.#
.......##...####+####.# #.......#
'#######....#≈..[..≈#.###.#######
.#.# ##...#8P$©$P8#.#...#


You could see an orc priest.

Vanquished Creatures
  Grinder (D:3)
  Sigmund (D:3)
  2 orc priests (D:3)
  Ijyb (D:3)
  Natasha (thrice) (D:3)
  Robin (D:3)
  4 adders
  3 shadow imps (D:3)
  2 worms (D:2)
  7 dart slugs
  4 orcs (D:3)
  10 ball pythons
  5 bats
  11 endoplasms
  5 giant cockroaches
  7 hobgoblins
  7 jackals
  5 kobolds
  2 quokkas
  4 frilled lizards
  15 goblins
  4 rats
104 creatures vanquished.

Notes
Turn   | Place    | Note
-------+----------+-------------------------------------------
     0 | D:1      | Sanktem7 the Minotaur Berserker began the quest for the
                  | Orb.
     0 | D:1      | Reached XP level 1. HP: 19/19 MP: 0/0
   114 | D:1      | Reached skill level 4 in Polearms
   114 | D:1      | Reached XP level 2. HP: 21/27 MP: 1/1
   296 | D:1      | Found a faded altar of an unknown god.
   405 | D:1      | Reached XP level 3. HP: 33/33 MP: 2/2
   581 | D:1      | Reached ** piety under Trog
   849 | D:2      | Found an ornate altar of the Wu Jian Council.
  1015 | D:2      | Reached XP level 4. HP: 41/41 MP: 3/3
  1827 | D:2      | Found Cidut's Weapon Shop.
  1875 | D:3      | Noticed Natasha
  1883 | D:3      | Killed Natasha
  1884 | D:3      | Reached skill level 5 in Polearms
  1885 | D:3      | Reached XP level 5. HP: 41/47 MP: 4/4
  2011 | D:3      | Found a hazy altar of Hepliaklqana.
  2011 | D:3      | Found a glowing golden altar of the Shining One.
  2011 | D:3      | Found a sacrificial altar of Ru.
  2019 | D:3      | Noticed Robin
  2024 | D:3      | Noticed Ijyb
  2034 | D:3      | Killed Robin
  2035 | D:3      | Reached skill level 5 in Fighting
  2035 | D:3      | Reached *** piety under Trog
  2042 | D:3      | Killed Ijyb
  2237 | D:3      | Noticed Sigmund
  2250 | D:3      | Killed Sigmund
  2251 | D:3      | Reached XP level 6. HP: 48/56 MP: 5/5
  2317 | D:3      | Noticed Grinder
  2334 | D:3      | Paralysed by Grinder for 5 turns
  2345 | D:3      | Paralysed by Grinder for 2 turns
  2356 | D:3      | Killed Grinder
  2357 | D:3      | Reached skill level 6 in Polearms
  2357 | D:3      | Reached XP level 7. HP: 29/61 MP: 6/6
  2851 | D:3      | Found a transporter.
  2881 | D:3      | Found a transporter.
  3058 | D:3      | Reached skill level 5 in Armour
  3263 | D:3      | Noticed Natasha
  3269 | D:3      | Killed Natasha
  3343 | D:3      | Noticed Natasha
  3349 | D:3      | Killed Natasha
  3637 | D:3      | Killed from afar by an orc priest

Illustrated notes

Levels and vault maps discovered:
D:1:      evilmike_arrival_crescent, layout_rooms, ebering_ecumenical_altar_hall
D:2:      layout_loops_ring, basic_altar, serial_shops,
          nicolae_shop_bloodbath_and_beyond, corexii_item_surrounded_by_moat
D:3:      gammafunk_wand_slinger, layout_basic,
          chequers_temple_overflow_statue_of_worship,
          kennysheep_generic_room_16, uniq_robin, uniq_grinder, uniq_natasha,
          uniq_sigmund, uniq_ijyb

Skill      XL: |  1  2  3  4  5  6  7 |
---------------+----------------------+-----
Polearms       | 4 5 6 |  6.7
Fighting       | 4 5 |  5.7
Armour         | 3 4 5 |  5.1
Dodging        | 3 4 |  4.3
Stealth        | |  0.9

Action                   |  1- 3 |  4- 6 |  7- 9 || total
-------------------------+-------+-------+-------++-------
Melee: Spear             |    71 |   124 |    62 ||   257
       Headbutt          |    12 |    19 |     8 ||    39
Invok: Berserk           |       |     1 |       ||     1
Evoke: Wand              |       |       |     2 ||     2
  Use: Scroll            |       |     6 |       ||     6
Armor: Scale mail        |    30 |    62 |    22 ||   114
Dodge: Dodged            |    59 |    69 |    33 ||   161
